 Dungeon Sprint DCSS version 0.31-a0-18-gea43df2a32 (webtiles) character file.

Game seed: 6645853742876481774

3412 sircluck the Brawler (level 9, -2/102 HPs)
             Began as a Troll Berserker on May 11, 2023.
             Was a High Priest of Trog.
             Slain by a death drake (5 damage)
             ... in the Dungeon (Sprint II: "The Violet Keep of Menkaure").
             The game lasted 00:03:38 (633 turns).

sircluck the Brawler (Troll Berserker)               Turns: 633, Time: 00:03:38

Health: -2/102     AC: 11    Str: 37    XL:     9   Next: 76%
Magic:  8/8        EV: 10    Int:  3    God:    Trog [*****.]
Gold:   485        SH:  0    Dex:  9    Spells: 8/8 levels left

rFire   x .          .
                       - Unarmed
rCold   + + +        (no shield)
rNeg    . . .        l - +0 ice dragon scales
rPois   .            (helmet restricted)
rElec   .            (no cloak)
rCorr   .            (gloves unavailable)
SInv    .            (boots unavailable)
Will    .....        j - amulet of regeneration Stlth
                     h - ring of flight
HPRegen 1.97/turn    i - +6 ring of strength
MPRegen 0.11/turn

%: no teleportation
@: lethally poisoned (-2 -> -21), on berserk cooldown, flying, slowed, very slow
A: large, unfitting armour, claws 3, regeneration 1, shaggy fur 1, tough skin 1,
cold resistance 1
a: Renounce Religion, Berserk, Trog's Hand, Brothers in Arms


You were in the Dungeon.
You worshipped Trog.
Trog was extremely pleased with you.
You visited 1 branch You collected 1320 gold pieces.
You spent 835 gold pieces at shops.

Inventory:

Armour
 a - a +0 animal skin
 l - +0 ice dragon scales (worn)
Jewellery
 h - a ring of flight (left claw)
 i - a +6 ring of strength (right claw)
 j - an amulet of regeneration (around neck)
Wands
 k - a wand of paralysis (4)
Scrolls
 g - a scroll of blinking
 m - a scroll of silence {unknown}
Potions
 c - a potion of heal wounds
 d - a potion of haste
 e - 2 potions of magic
 f - a potion of berserk rage


   Skills:
 + Level 10.7 Fighting
 + Level 0.5 Armour
 + Level 9.8 Dodging
 + Level 15.8 Unarmed Combat


You had 8 spell levels left.
You didn't know any spells.
Your spell library was empty.

Dungeon Overview and Level Annotations

Branches:
Dungeon (1/1)

Altars:
Cheibriados
Dithmenos
Elyvilon
Fedhas
Gozag
Hepliaklqana
Kikubaaqudgha
Makhleb
Nemelex Xobeh
Okawaru
Qazlal
Ru
Sif Muna
Trog
Uskayaw
Vehumet
Wu Jian
Xom
Yredelemnul
Zin
Jiyva
Lugonu

Shops:
D !:=[?!=[!(((=:=

Annotations:
D exclusions: ice statue and oklob plant, Roxanne


Innate Abilities, Weirdness & Mutations

You are too large for most types of armour.
You have claws for hands.
Your natural rate of healing is unusually fast.
You are covered in fur. (AC +1)
You have tough skin. (AC +1)
Your flesh is cold resistant. (rC+)


Message History

You claw the death drake!
The death drake is lightly wounded.
You feel extremely sick.
The death drake fails to trigger a net trap.
The death drake bites you.
You miss the death drake.
You feel extremely sick. The death drake barely misses you.
The death drake bites you but does no damage.
The death drake barely misses you. x2
You feel extremely sick. The death drake breathes miasma at you.
The foul vapour engulfs you!
You are more poisoned.
You feel as though you will be slow longer.
The death drake breathes miasma at you. The foul vapour engulfs you!
You are lethally poisoned!
The crystal guardian fails to trigger a net trap.
The death drake bites you but does no damage.
You see here an ice dragon skeleton.
Unknown command.
You feel better.
You are engulfed in dark miasma.
You are poisoned.
You feel very sick. The death drake bites you.
The death drake bites you but does no damage. x2
The death drake breathes miasma at you. The foul vapour engulfs you!
You are more poisoned.
* * * LOW HITPOINT WARNING * * *
You feel extremely sick. The death drake bites you.
* * * LOW HITPOINT WARNING * * *
The death drake breathes miasma at you. The foul vapour engulfs you!
You are lethally poisoned!
You feel as though you will be slow longer.
* * * LOW HITPOINT WARNING * * *
The death drake bites you.
You die...

~~...~##≈^..### # §~~~
e≈...^.# #+++#+++#####....#
## ..†......#.†'....# .#
~.##'##..#..####.# .#
~##...##.####..'.##k#
~#..#).# ...#..#)^○####
###...### ..#####k.##.#
.###'###.##..#.○@k.#..#
.†##.###..#..#○○#○○#..#
#.'.<.'##.+..####○○##)# !
####.##.#.#....###..÷##▓▓▓▓
.###'###.##......~~~~~~~~~~~
###†#†####~~.....~#+########
~#..#..#~~~~~~~..~#....._..#
~###.###~~§~~~~~.~#...._._.#
~~##+##~~~≈≈≈~~~~~#..._._._#


You could see 2 death drakes and a swamp drake.

Vanquished Creatures
  An ice dragon (D)
  A merfolk siren (D)
  A yaktaur (D)
  3 polar bears (D)
  A hornet (D)
  2 wyverns (D)
  3 neqoxecs (D)
  2 redbacks (D)
  A vampire mosquito (D)
  A water moccasin (D)
  4 scorpions (D)
  3 worms (D)
23 creatures vanquished.

Vanquished Creatures (others)
  A neqoxec (D)
  Menkaure (D)
  A water moccasin (D)
3 creatures vanquished.

Grand Total: 26 creatures vanquished

Notes
Turn   | Place    | Note
-------+----------+-------------------------------------------
     0 | D        | sircluck the Troll Berserker began the quest for the Orb.
     0 | D        | Reached XP level 1. HP: 22/22 MP: 0/0
     1 | D        | Noticed a merfolk siren
    15 | D        | Killed a merfolk siren
    16 | D        | Reached skill level 8 in Unarmed Combat
    16 | D        | Reached XP level 2. HP: 34/37 MP: 1/1
    16 | D        | Reached XP level 3. HP: 42/45 MP: 2/2
    16 | D        | Reached XP level 4. HP: 50/53 MP: 3/3
    16 | D        | Reached XP level 5. HP: 57/61 MP: 4/4
    16 | D        | Reached XP level 6. HP: 64/68 MP: 5/5
    25 | D        | Noticed a neqoxec
    25 | D        | Lost intelligence.
    26 | D        | Noticed a neqoxec
    37 | D        | Killed a neqoxec
    37 | D        | Reached ** piety under Trog
    38 | D        | Reached skill level 9 in Unarmed Combat
    43 | D        | Gained mutation: Your flesh is cold resistant. (rC+) [a
                  | neqoxec]
    46 | D        | Noticed a neqoxec
    47 | D        | Killed a neqoxec
    48 | D        | Reached skill level 10 in Unarmed Combat
    48 | D        | Reached XP level 7. HP: 28/79 MP: 6/6
    51 | D        | Killed a neqoxec
    58 | D        | Noticed a neqoxec
    62 | D        | Killed a neqoxec
    76 | D        | Reached *** piety under Trog
    78 | D        | Reached skill level 11 in Unarmed Combat
    79 | D        | Killed Menkaure
   121 | D        | Reached **** piety under Trog
   131 | D        | Found Ishroci's Antique Weapon Shop.
   131 | D        | Found Onom's Antique Armour Boutique.
   131 | D        | Found Losy's Jewellery Shop.
   131 | D        | Found Nise's Distillery.
   131 | D        | Found Zeiffuak's Jewellery Shop.
   131 | D        | Found Roty's Weapon Boutique.
   131 | D        | Found Bawegebi's Jewellery Shop.
   131 | D        | Found Vanu Eth's Weapon Boutique.
   131 | D        | Found Ifisuish's Book Boutique.
   132 | D        | Found Fudghodd's Distillery.
   132 | D        | Found Cumounua's Magic Scroll Boutique.
   165 | D        | Noticed Roxanne
   175 | D        | Reached XP level 8. HP: 79/91 MP: 7/7
   189 | D        | Found Bunoa's Antique Armour Boutique.
   189 | D        | Found Goibrim's Jewellery Shop.
   189 | D        | Noticed an oklob plant
   190 | D        | Found Geal's Book Shoppe.
   190 | D        | Found Piar's Distillery.
   211 | D        | Bought a ring of flight for 175 gold pieces
   211 | D        | Bought a +6 ring of strength for 360 gold pieces
   211 | D        | Bought an amulet of regeneration for 300 gold pieces
   263 | D        | Noticed an ice statue
   289 | D        | Found an iron altar of Okawaru.
   290 | D        | Found a sparkling altar of Nemelex Xobeh.
   291 | D        | Found a radiant altar of Vehumet.
   291 | D        | Found an opulent altar of Gozag.
   291 | D        | Found a burning altar of Makhleb.
   291 | D        | Found a blossoming altar of Fedhas.
   291 | D        | Found a white marble altar of Elyvilon.
   297 | D        | Found a hide-covered altar of Uskayaw.
   297 | D        | Found a corrupted altar of Lugonu.
   297 | D        | Found a shadowy altar of Dithmenos.
   298 | D        | Found a glowing silver altar of Zin.
   298 | D        | Found a bloodstained altar of Trog.
   298 | D        | Found an ancient bone altar of Kikubaaqudgha.
   298 | D        | Found a snail-covered altar of Cheibriados.
   299 | D        | Found a basalt altar of Yredelemnul.
   299 | D        | Found a shimmering blue altar of Sif Muna.
   299 | D        | Found a viscous altar of Jiyva.
   323 | D        | Found a hazy altar of Hepliaklqana.
   323 | D        | Found a sacrificial altar of Ru.
   324 | D        | Found a stormy altar of Qazlal.
   324 | D        | Found an ornate altar of the Wu Jian Council.
   324 | D        | Found a shimmering altar of Xom.
   324 | D        | Noticed a polar bear
   324 | D        | Noticed a polar bear
   330 | D        | Killed a polar bear
   331 | D        | Reached skill level 12 in Unarmed Combat
   332 | D        | Noticed a hornet
   334 | D        | Killed a polar bear
   334 | D        | Reached ***** piety under Trog
   335 | D        | Noticed a polar bear
   338 | D        | Killed a hornet
   339 | D        | Reached skill level 13 in Unarmed Combat
   340 | D        | Noticed a yaktaur
   343 | D        | Killed a polar bear
   344 | D        | Reached XP level 9. HP: 38/101 MP: 8/8
   347 | D        | Killed a yaktaur
   348 | D        | Reached skill level 10 in Fighting
   348 | D        | Reached skill level 14 in Unarmed Combat
   391 | D        | Noticed an ice dragon
   398 | D        | Killed an ice dragon
   399 | D        | Reached skill level 15 in Unarmed Combat
   431 | D        | Received a gift from Trog
   447 | D        | Noticed a deep elf master archer
   619 | D        | Noticed a death drake
   619 | D        | Noticed a crystal guardian
   620 | D        | Noticed a death drake
   633 | D        | HP: 3/102 [death drake/foul vapour (9)]
   633 | D        | Slain by a death drake

Illustrated notes

Levels and vault maps discovered:
D:        the_violet_keep_of_menkaure [sprint2_stairs_cluster_1,
          sprint2_shoproom, sprint2_temple, sprint2_basic_supplies,
          sprint2_obstacle_2, sprint2_obstacle_7, sprint2_obstacle_6,
          sprint2_obstacle_3, sprint2_obstacle_5, sprint2_timed_cluster_1,
          sprint2_smallroom_cluster_1, sprint2_smallroom_final_cluster_1,
          sprint2_transparent_cluster_1, sprint2_second_timed_cluster_1,
          sprint2_sniper_area_1, sprint2_heavy_combat_area_1,
          sprint2_mutation_trap_area_1, sprint2_forest_area_1,
          sprint2_light_combat_area_1, sprint2_behind_water_1,
          sprint2_near_end_vault_1]

Skill      XL: |  1  2  3  4  5  6  7  8  9 |
---------------+----------------------------+-----
Fighting       | 6 7 8 9 10 | 10.7
Dodging        | 6 7 8 9 |  9.8
Unarmed Combat | 8 10 11 13 15 | 15.8
Armour         | |  0.5

Action                     |  1- 3 |  4- 6 |  7- 9 || total
---------------------------+-------+-------+-------++-------
  Melee: Unarmed           |    12 |    20 |    72 ||   104
         Punch             |       |     1 |     3 ||     4
 Invoke: Berserk           |       |       |     2 ||     2
    Use: Potion            |       |       |     1 ||     1
 Armour: Animal skin       |       |       |     6 ||     6
         Ice dragon scales |       |       |     6 ||     6
  Dodge: Dodged            |       |     7 |    31 ||    38

Table legend: (Time is in decaauts)
 A = Elapsed time spent in this place.
 B = Non-inter-level travel time spent in this place.
 C = Inter-level travel time spent in this place.
 D = Time resting spent in this place.
 E = Time spent auto-exploring this place.
 F = Levels seen in this place.
 G = Mean time per level.
                   A        B        C        D        E       F      G
               +--------+--------+--------+--------+--------+-----+--------+
         Total |    634 |    593 |     41 |    170 |     72 |   1 |  634.0 |
       Dungeon |    634 |    593 |     41 |    170 |     72 |   1 |  634.0 |
               +--------+--------+--------+--------+--------+-----+--------+

Top non-repeatable levels by time:
       D: 634 daAuts
